 Seeded DCSS version 0.30-a0-56-ge6a4009bfd (webtiles) character file.

Game seed: 17246712331252751712 (custom seed)

6 wilfster70 the Caller (level 1, 13/13 HPs)
             Began as a Merfolk Summoner on Sept 10, 2022.
             Quit the game on level 1 of the Dungeon.
             The game lasted 00:01:35 (150 turns).

wilfster70 the Caller (Merfolk Summoner)             Turns: 150, Time: 00:01:36

Health: 13/13      AC:  2    Str:  8    XL:     1   Next: 90%
Magic:  3/3        EV: 13    Int: 21    God:
Gold:   0          SH:  0    Dex: 16    Spells: 3/4 levels left

rFire   . . .      SeeInvis .    a - +4 lajatang "Raef" {elec, Int+7 Dex+2}
rCold   . . .      Faith    .    (shield currently unavailable)
rNeg    . . .      Spirit   .    c - +0 robe
rPois   .          Reflect  .    (no helmet)
rElec   .          Harm     .    (no cloak)
rCorr   .          Rampage  .    (no gloves)
Will    .....                    (no boots)
Stlth   ++........               (no amulet)
HPRegen 0.04/turn                (no ring)
MPRegen 0.08/turn                (no ring)

@: no status effects
A: (nimble swimmer 2), mertail
a: no special abilities


You were on level 1 of the Dungeon.
You visited 1 branch of the dungeon, and saw 1 of its levels.

Inventory:

Hand Weapons
 a - the +4 lajatang "Raef" (weapon) {elec, Int+7 Dex+2}
   (You acquired it on level 1 of the Dungeon)

   It occasionally discharges a powerful burst of electricity upon striking a
   foe.
   Int:       It affects your intelligence (+7).
   Dex:       It affects your dexterity (+2).
Armour
 c - a +0 robe (worn)
Magical Staves
 d - a staff of poison
Potions
 b - a potion of magic


   Skills:
 + Level 0.0 Staves
 - Level 2.6 Dodging
 - Level 2.1 Stealth
 + Level 2.1 Spellcasting
 * Level 4.2 Summonings


You had 3 spell levels left.
You knew the following spells:

 Your Spells              Type           Power      Damage    Failure   Level
a - Summon Small Mammal   Summ           80%        N/A       2%          1

Your spell library contained the following spells:

 Spells                   Type           Power      Damage    Failure   Level
 Call Imp                 Summ           20%        N/A       3%          2
 Call Canine Familiar     Summ           20%        N/A       8%          3
 Summon Guardian Golem    Hex/Summ       11%        N/A       19%         3
 Summon Lightning Spire   Summ/Air       11%        N/A       52%         4


Dungeon Overview and Level Annotations

Branches:
Dungeon (1/15)

Altars:


Innate Abilities, Weirdness & Mutations

((You are very nimble when in or above water. (Stealth+, EV+, Speed+++)))
Your lower body shifts to a powerful aquatic tail in water.


Message History

Attack!
The endoplasm quivers.
The endoplasm closely misses your quokka.
Your quokka bites the endoplasm. x2
The endoplasm dies!
This is a scroll of acquirement!
Something appears at your feet!
c - the +4 lajatang "Raef" {elec, Int+7 Dex+2} Adjust (i)tems, (s)pells, or (a)bilities?
c - the +4 lajatang "Raef" {elec, Int+7 Dex+2} Adjust to which letter? (? for menu, Esc to quit)
a - the +4 lajatang "Raef" {elec, Int+7 Dex+2}
c - a +0 robe (worn)
You feel clever.
You feel agile.
You hear the crackle of electricity.
a - the +4 lajatang "Raef" (weapon)
{elec, Int+7 Dex+2} You start resting.
Magic restored.
Your quokka disappears in a puff of smoke!
Found a robe.
Found a stone staircase leading down.
Setting a skill training target for Staves at 14.0.
A rat comes into view.
Found a scroll of acquirement.
Found 10 gold pieces.
Casting: Summon Small Mammal (safe; 2% risk of failure)
Confirm with . or Enter, or press ? or * to list all spells.
The rat bites your quokka. The rat closely misses your quokka.
Your quokka bites the rat.
The rat dies!
You swap places.
d - a scroll of acquirement Something appears at your feet!
d - a staff of poison
Okay, then.
Unknown command.
There are no items here.
You swap places.
Unknown command.
Are you sure you want to abandon this character and quit the game? (Confirm with "yes".)

#########
#.......#
#.....$.#
#.......#
#.......#
#.....@r#
####.......#
#..........#
#.##.......#
##.#..†.....#
#..#.########
# ##.##.#
#.####.....#
.........###


You could see a friendly quokka (summoned).

Vanquished Creatures
  A bat (D:1)
1 creature vanquished.

Vanquished Creatures (collateral kills)
  2 endoplasms (D:1)
  A quokka (D:1)
  A rat (D:1)
4 creatures vanquished.

Grand Total: 5 creatures vanquished

Notes
Turn   | Place    | Note
-------+----------+-------------------------------------------
     0 | D:1      | wilfster70 the Merfolk Summoner began the quest for the
                  | Orb.
     0 | D:1      | Reached XP level 1. HP: 13/13 MP: 3/3
    88 | D:1      | Identified a scroll of acquirement
    88 | D:1      | Acquired the +4 lajatang "Raef" {elec, Int+7 Dex+2}
   146 | D:1      | Acquired a staff of poison
   150 | D:1      | Quit the game

Illustrated notes

Levels and vault maps discovered:
D:1:      evilmike_arrival_plus, layout_rooms

Action                   || total
-------------------------++-------
Melee: Unarmed           ||     1
 Cast: Summon Small Mamm ||     8
  Use: Scroll            ||     2
Armor: Robe              ||     1
Dodge: Dodged            ||     3

Table legend: (Time is in decaauts)
 A = Elapsed time spent in this place.
 B = Non-inter-level travel time spent in this place.
 C = Inter-level travel time spent in this place.
 D = Time resting spent in this place.
 E = Time spent auto-exploring this place.
 F = Levels seen in this place.
 G = Mean time per level.
                   A        B        C        D        E       F      G
               +--------+--------+--------+--------+--------+-----+--------+
         Total |    149 |    149 |      0 |     18 |      0 |   1 |  149.0 |
       Dungeon |    149 |    149 |      0 |     18 |      0 |   1 |  149.0 |
               +--------+--------+--------+--------+--------+-----+--------+

Top non-repeatable levels by time:
     D:1: 149 daAuts
